 Dungeon Crawl Stone Soup version 0.19.5 (webtiles) character file.

593 LoNinw the Chopper (level 7, -2/44 HPs)
             Began as a Kobold Berserker on Apr 2, 2017.
             Was a Believer of Trog.
             Slain by a gnoll
             ... wielding a +0 flail
              (11 damage)
             ... on level 3 of the Dungeon.
             The game lasted 00:22:56 (3648 turns).

LoNinw the Chopper (Kobold Berserker)               Turns: 3648, Time: 00:22:57

Health: -2/44      AC:  7    Str: 17    XL:     7   Next: 67%
Magic:  7/7        EV: 15    Int:  8    God:    Trog [**....]
Gold:   170        SH:  3    Dex: 14    Spells: 0 memorised, 6 levels left

rFire  . . .     SeeInvis .     p - +0 flail (holy)
rCold  . . .     Gourm    .     b - +0 ring mail
rNeg   . . .     Faith    .     (shield restricted)
rPois  .         Spirit   .     c - +1 helmet
rElec  .         Reflect  +     (no cloak)
rCorr  +         Harm     .     (no gloves)
MR     ++...                    (no boots)
Stlth  +.........               h - +3 amulet of reflection
                                (no ring)
                                i - ring of resist corrosion

@: regenerating
A: carnivore 3
a: Berserk, Trog's Hand, Burn Spellbooks, Renounce Religion


You were on level 3 of the Dungeon.
You worshipped Trog.
Trog was pleased with you.
You were not hungry.

You visited 1 branch of the dungeon, and saw 3 of its levels.

You collected 170 gold pieces.

Inventory:

Hand Weapons
 a - a +0 hand axe
 p - a +0 flail of holy wrath (weapon)
Armour
 b - a +0 ring mail (worn)
 c - a +1 helmet (worn)
Jewellery
 h - a +3 amulet of reflection (around neck)
 i - a ring of resist corrosion (left hand)
Scrolls
 d - a scroll of fog {unknown}
 f - 2 scrolls of magic mapping {unknown}
 g - 4 scrolls of enchant weapon {unknown}
 j - 2 scrolls of random uselessness {unknown}
 m - a scroll of teleportation {unknown}
Potions
 e - a potion of might {unknown}
 k - a potion of lignification {unknown}
 n - a potion of invisibility {unknown}
 o - a potion of curing {unknown}
Comestibles
 l - 4 fruits
 q - 4 chunks of flesh


   Skills:
 + Level 5.0 Fighting
 + Level 5.1 Axes
 + Level 2.9 Armour
 + Level 4.1 Dodging


You had 6 spell levels left.
You didn't know any spells.

Dungeon Overview and Level Annotations

Branches:
Dungeon (3/15)

Altars:
Okawaru


Innate Abilities, Weirdness & Mutations

You are small and have problems with some larger weapons.
You are carnivorous and can eat meat at any time.


Message History

You hit the gnoll.
The gnoll is severely wounded.
You block the gnoll's attack. The gnoll misses you.
You barely miss the gnoll.
The gnoll is severely wounded.
The gnoll hits you from afar with a halberd.
The gnoll hits you with a flail.
* * * LOW HITPOINT WARNING * * *
Your skin crawls.
You feel resistant to hostile enchantments.
You feel somewhat more hungry.
The gnoll hits you from afar with a halberd.
* * * LOW HITPOINT WARNING * * *
The gnoll misses you.
You hit the gnoll but do no damage.
The gnoll is severely wounded.
The gnoll hits you from afar with a halberd.
* * * LOW HITPOINT WARNING * * *
The gnoll hits you with a flail!
You die...

.... ...............) ≈≈≈
≈≈≈≈≈≈....≈≈≈≈≈≈ ≈≈
≈≈≈≈≈≈....≈≈≈≈≈≈ #####
≈≈≈≈≈≈....≈≈≈≈≈≈ #...#
................
#...#############''''######
###'#...#.......#....#.....
#...#.#.....$.#....#)....
#.#...#.@gg...+....'.)...
#)#####'#################
#.))..#.......#....#.....
#..)..#.........≈≈....÷).
#.##''#...).....≈≈....())
#)#...........#....#.....
#.#....########....######
###'#..[.# #...##(..#...
#...###### #############


You could see 2 gnolls.

Vanquished Creatures
  An ogre (D:3)
  3 gnoll shamans (D:3)
  Jessica (D:2)
  4 adders (D:2)
  29 gnolls (D:3)
  An ooze (D:3)
  3 dart slugs (D:1)
  2 leopard geckos
  An orc (D:3)
  3 giant cockroaches
  5 goblins
  5 hobgoblins
  5 jackals
  6 bats
  4 frilled lizards
  8 kobolds
  8 rats
89 creatures vanquished.

Notes
Turn   | Place    | Note
-------+----------+-------------------------------------------
     0 | D:1      | LoNinw the Kobold Berserker began the quest for the Orb.
     0 | D:1      | Reached XP level 1. HP: 14/14 MP: 1/1
   189 | D:1      | Reached XP level 2. HP: 17/19 MP: 2/2
  1137 | D:1      | Reached XP level 3. HP: 23/23 MP: 3/3
  1287 | D:2      | Noticed Jessica
  1300 | D:2      | Killed Jessica
  1300 | D:2      | Reached XP level 4. HP: 19/28 MP: 4/4
  1811 | D:2      | Found a faded altar of an unknown god.
  2379 | D:2      | Reached XP level 5. HP: 29/33 MP: 5/5
  2682 | D:3      | Reached ** piety under Trog
  2800 | D:3      | Found an iron altar of Okawaru.
  3100 | D:3      | Reached XP level 6. HP: 26/38 MP: 6/6
  3249 | D:3      | Noticed an ogre
  3259 | D:3      | Reached XP level 7. HP: 34/44 MP: 7/7
  3510 | D:3      | Reached skill level 5 in Axes
  3596 | D:3      | Reached skill level 5 in Fighting
  3648 | D:3      | Slain by a gnoll

Skill      XL: |  1  2  3  4  5  6  7 |
---------------+----------------------+-----
Axes           | 3 4 5 |  5.1
Dodging        | 3 4 |  4.1
Armour         | 2 |  2.9
Fighting       | 4 5 |  5.0

Action                   |  1- 3 |  4- 6 |  7- 9 || total
-------------------------+-------+-------+-------++-------
Melee: Hand axe          |    70 |   221 |    41 ||   332
       Flail             |       |       |     9 ||     9
Invok: Berserk           |     1 |     5 |     1 ||     7
       Trog's Hand       |       |     2 |     2 ||     4
  Use: Scroll            |     2 |     1 |       ||     3
  Eat: Chunk             |     4 |     5 |     4 ||    13
       Meat ration       |     1 |       |       ||     1
Armor: Animal skin       |     6 |       |       ||     6
       Leather armour    |     1 |     5 |       ||     6
       Ring mail         |       |    74 |     9 ||    83
Dodge: Dodged            |    48 |   168 |    28 ||   244
Block: Other             |     3 |    29 |    12 ||    44
